 Dungeon Crawl Stone Soup version 0.18.1-48-g4cf74bf (webtiles) character file.

112 dearth the Skirmisher (level 4, -7/42 HPs)
             Began as a Minotaur Fighter on Aug 7, 2016.
             Killed by divine providence
             ... invoked by an orc priest
              (12 damage)
             ... on level 3 of the Dungeon.
             The game lasted 00:08:07 (2011 turns).

dearth the Skirmisher (Minotaur Fighter)            Turns: 2011, Time: 00:08:08

Health: -7/42      AC:  6    Str: 22    XL:     4   Next: 64%
Magic:  3/3        EV:  7    Int:  5    God:
Gold:   144        SH:  9    Dex:  9    Spells: 0 memorised, 3 levels left

rFire  . . .     SeeInvis .     a - +0 flail
rCold  . . .     Gourm    .     b - +0 scale mail
rNeg   . . .     Faith    .     c - +0 shield
rPois  .         Spirit   .     (helmet restricted)
rElec  .         Dismiss  .     (no cloak)
rCorr  .         Reflect  .     (no gloves)
SustAt .         Harm     .     (no boots)
MR     .....                    (no amulet)
Stlth  ..........               (no ring)
                                (no ring)

@: not resistant to hostile enchantments, extremely unstealthy
A: retaliatory headbutt, horns 2
a: no special abilities


You were on level 3 of the Dungeon.
You were hungry.

You visited 1 branch of the dungeon, and saw 3 of its levels.

You collected 144 gold pieces.

Inventory:

Hand Weapons
 a - a +0 flail (weapon)
Armour
 b - a +0 scale mail (worn)
 c - a +0 shield (worn)
Scrolls
 e - a scroll of teleportation {unknown}
 g - 3 scrolls of identify {unknown}
 h - 2 scrolls of remove curse {unknown}
 i - a scroll of immolation {unknown}
 l - 2 scrolls of enchant weapon {unknown}
 n - a scroll of fog {unknown}
Potions
 d - a potion of might
 m - a potion of lignification {unknown}
 o - a potion of haste {unknown}
 q - a potion of degeneration {unknown}
Comestibles
 f - 3 bread rations
 j - 2 meat rations
 k - a beef jerky
 p - a slice of pizza


   Skills:
 + Level 5.3 Fighting
 + Level 4.4 Maces & Flails
 - Level 3.6 Armour
 - Level 3.6 Shields


You had 3 spell levels left.
You didn't know any spells.

Dungeon Overview and Level Annotations

Branches:
Dungeon (3/15)

Altars:
Elyvilon
Gozag
Nemelex Xobeh
Vehumet


Innate Abilities, Weirdness & Mutations

You reflexively headbutt those who attack you in melee.
You have a pair of horns on your head.


Message History

The orc priest casts a cantrip, but nothing happens.
Something hits you. The orc hits you with a mace.
* * * LOW HITPOINT WARNING * * *
You bump into the rock wall.
You feel less confused. Something hits you.
* * * LOW HITPOINT WARNING * * *
Unknown command.
You sock something! The orc barely misses you. Something hits you.
* * * LOW HITPOINT WARNING * * *
The orc hits you with a mace.
* * * LOW HITPOINT WARNING * * *
You barely miss something. You headbutt something.
Reactivating autopickup.
You feel a bit more experienced.
The orc priest calls upon Beogh to heal the orc.
The orc's wounds heal themselves!
The orc priest invokes the aid of Beogh against you.
Beogh smites you!
You die...

)###.#.......(..
.##......#######
....#....#
..#...#..######
.#.#.##..##...##
............#..#
.#.####..##....# ..##
#..##....###
............#..)@#
.........##....#o#
..###...####.#..o..o#
..# #.###
#............ ..# #.
#.............. #
#.###...#####.. #.
#.... . ##..# #..#


You could see an orc priest and an orc.

Vanquished Creatures
  An orc wizard (D:3)
  2 adders (D:2)
  A worm (D:3)
  A dart slug (D:3)
  4 giant geckos
  An orc (D:3)
  A ball python (D:2)
  A giant cockroach (D:1)
  6 goblins
  7 hobgoblins
  6 jackals (D:1)
  2 quokkas
  11 bats
  4 giant newts
  4 kobolds
  4 rats
56 creatures vanquished.

Notes
Turn   | Place    | Note
--------------------------------------------------------------
     0 | D:1      | dearth the Minotaur Fighter began the quest for the Orb.
     0 | D:1      | Reached XP level 1. HP: 19/19 MP: 0/0
    37 | D:1      | You fall through a shaft!
   169 | D:2      | Reached skill level 4 in Fighting
   169 | D:2      | Reached XP level 2. HP: 27/27 MP: 1/1
   506 | D:1      | Reached XP level 3. HP: 34/34 MP: 2/2
   702 | D:2      | Found a white marble altar of Elyvilon.
  1108 | D:2      | Found an opulent altar of Gozag.
  1205 | D:2      | Found a sparkling altar of Nemelex Xobeh.
  1205 | D:2      | Found a radiant altar of Vehumet.
  1267 | D:2      | Reached XP level 4. HP: 29/41 MP: 3/3
  1308 | D:2      | Reached skill level 5 in Fighting
  2011 | D:3      | Killed from afar by an orc priest

Skill      XL: |  1  2  3  4 |
---------------+-------------+-----
Fighting       | 4 5 |  5.3
Maces & Flails | 3 4 |  4.4
Armour         | |  3.6
Shields        | |  3.6

Action                   |  1- 3 |  4- 6 || total
-------------------------+-------+-------++-------
Melee: Flail             |   110 |    34 ||   144
       Headbutt          |    17 |     4 ||    21
  Eat: Chunk             |     1 |     2 ||     3
Armor: Scale mail        |    72 |    11 ||    83
Dodge: Dodged            |    64 |    10 ||    74
Block: Shield            |    87 |    14 ||   101
